Description

pica every game

Build Order

Get SALT Encoding   

  14  00:19  Pylon  
  17  00:42  Gateway  
  17  00:51  Assimilator  scout
  21  01:37  Nexus  
  21  01:51  Cybernetics Core  
  22  01:57  Pylon  
  23  02:00  Assimilator  
  24  02:24  Warp Gate  
  26  02:25  Adept (Chrono Boost)  
  26  02:30  Mothership Core  
  32  02:54  Stalker  
  39  03:25  Sentry  
  44  03:40  Gateway x2  (x2)
  45  03:41  Forge  go for +1 weapon
  43  03:44  Pylon  
  45  03:45  Stargate  
  45  04:05  Pylon  
  46  04:22  Phoenix  (x5) ? oracle or not if 2 base all in chrono void
  46  04:25  Protoss Ground Weapons Level 1 (Chrono Boost)  
  48  04:40  Assimilator x2  (x2 on natural)
  49  04:44  Pylon  
  50  04:45  Adept x2, Sentry  (x2), (x2)
  56  04:48  Pylon  
  59  04:50  Nexus, Phoenix  just get 16 probes on mineral no gas
  62  05:10  Robotics Facility  
  62  05:15  Twilight Council  
  62  05:20  Phoenix  
  65  06:00  Charge  
  66  06:10  Immortal (Chrono Boost)  
  66  06:25  Protoss Ground Armor Level 2 (Chrono Boost)  
  67  06:50  Immortal (Chrono Boost)  
  80  07:20  Observer (Chrono Boost)  
  120  07:50  Gateway  (x5) try to build warp prism and zealot pressure after charge ?
  122  08:00  Resonating Glaives  warp zealots every cycle till glaive complete if complete %70 z, rest adept.
  144  08:20  Templar Archives  
  150  08:40  Nexus  fourth base after saturation on mineral get all gases
  150  09:00  Psionic Storm, Gateway x9  (9x) zealot heavy army means need more gates
Spawning Tool Build Advisor. Get it on Overwolf

Go to:

Details

  • Created by: winzaburst
  • Published on: Nov 27, 2016
  • Modified on: Nov 27, 2016
  • Patch: Pre-3.8.0
Show
View Real Time Build Order
Export as new Build Order

Comments (0)

There are no comments. Be the first!

Create an account to comment!